| TOP OF THE 1ST |
|
Missoula Osprey batting - Pitching for Ogden Raptors : RHP Drew Manderfield
|
|
Pitching: RHP Drew Manderfield
|
|
|
Batting: RHB Isaiah Hampton
|
0-0: Ground out 4-3 (Groundball, 34, EV 80.6 MPH)
|
|
Batting: LHB Danny Salas
|
0-0: Ball 1-0: Foul Ball, location: 2F 1-1: Foul Ball, location: 2F 1-2: Ball 2-2: Ball 3-2: Ground out 4-3 (Groundball, 4M, EV 88.8 MPH)
|
|
Batting: RHB Claude Leduc
|
0-0: Ball 1-0: DOUBLE (Flyball, 78D, EV 107.5 MPH)
|
|
Batting: RHB Jose Cuellar
|
0-0: Called Strike 0-1: Ball 1-1: Called Strike 1-2: 2-RUN HOME RUN (Flyball, 78XD, EV 100.0 MPH), Distance : 428 ft
|
|
Batting: LHB Jalen Williams
|
0-0: Ball 1-0: Ball 2-0: Ball 3-0: Called Strike 3-1: Base on Balls
|
|
Batting: RHB Shing Mah
|
0-0: Foul Ball, location: 2F 0-1: Ball 1-1: Called Strike Jalen Williams steals 2nd base 1-2: Foul Ball, location: 2F 1-2: Foul Ball, location: 2F 1-2: Foul Ball, location: 2F 1-2: Foul Ball, location: 2F 1-2: Strikes out looking
|
| Top of the 1st over - 2 runs, 2 hits, 0 errors, 1 left on base; Missoula 2 - Ogden 0 |
| BOTTOM OF THE 1ST |
|
Ogden Raptors batting - Pitching for Missoula Osprey : LHP Cory Youngquist
|
|
Pitching: LHP Cory Youngquist
|
|
|
Batting: SHB Javy Franco
|
0-0: Swinging Strike 0-1: Foul Ball, location: 2F 0-2: Ball 1-2: Strikes out swinging
|
|
Batting: SHB Alex Noval
|
0-0: Foul Ball, location: 2F 0-1: Ground out 6-3 (Groundball, 6, EV 88.1 MPH)
|
|
Batting: LHB Pedro Garza
|
0-0: Ball 1-0: Ball 2-0: Fly out, F7 (Flyball, 78M, EV 83.1 MPH)
|
| Bottom of the 1st over - 0 runs, 0 hits, 0 errors, 0 left on base; Missoula 2 - Ogden 0 |
| TOP OF THE 2ND |
|
Missoula Osprey batting - Pitching for Ogden Raptors : RHP Drew Manderfield
|
|
Batting: RHB Hyeok Shon
|
0-0: Ball 1-0: Foul Ball, location: 2F 1-1: Called Strike 1-2: Ball 2-2: Ball 3-2: Ground out 6-3 (Groundball, 6, EV 82.5 MPH)
|
|
Batting: RHB Hector Tabares
|
0-0: Ball 1-0: Fly out, F8 (Flyball, 8RXD, EV 85.6 MPH)
|
|
Batting: LHB Adam Spence
|
0-0: Called Strike 0-1: Foul Ball, location: 2F 0-2: Strikes out swinging
|
| Top of the 2nd over - 0 runs, 0 hits, 0 errors, 0 left on base; Missoula 2 - Ogden 0 |
| BOTTOM OF THE 2ND |
|
Ogden Raptors batting - Pitching for Missoula Osprey : LHP Cory Youngquist
|
|
Batting: RHB Adam Maczko
|
0-0: Ball 1-0: Foul Ball, location: 2F 1-1: Foul Ball, location: 2F 1-2: Strikes out looking
|
|
Batting: LHB Fernão Manta
|
0-0: Ball 1-0: Ball 2-0: Called Strike 2-1: Fly out, F4 (Line Drive, 4, EV 65.6 MPH)
|
|
Batting: RHB Felipe Rivera
|
0-0: Ball 1-0: SOLO HOME RUN (Flyball, 7D, EV 106.2 MPH), Distance : 391 ft
|
|
Batting: RHB Brad Brady
|
0-0: Ball 1-0: Ground out 6-3 (Groundball, 6, EV 96.9 MPH)
|
| Bottom of the 2nd over - 1 run, 1 hit, 0 errors, 0 left on base; Missoula 2 - Ogden 1 |
| TOP OF THE 3RD |
|
Missoula Osprey batting - Pitching for Ogden Raptors : RHP Drew Manderfield
|
|
Batting: RHB Isaiah Hampton
|
0-0: Ball 1-0: Called Strike 1-1: Ball 2-1: DOUBLE (Line Drive, 9LM, EV 100.6 MPH)
|
|
Batting: LHB Danny Salas
|
0-0: Called Strike 0-1: Ball 1-1: Called Strike 1-2: DOUBLE (Line Drive, 78D, EV 102.5 MPH) Isaiah Hampton scores
|
|
Batting: RHB Claude Leduc
|
0-0: Called Strike 0-1: Ball 1-1: Called Strike 1-2: Foul Ball, location: 2F 1-2: Strikes out swinging
|
|
Batting: RHB Jose Cuellar
|
0-0: Called Strike 0-1: Called Strike 0-2: Fly out, F8 (Flyball, 8LS, EV 95.0 MPH)
|
|
Batting: LHB Jalen Williams
|
0-0: Foul Ball, location: 2F 0-1: Called Strike 0-2: Ball 1-2: Strikes out swinging
|
| Top of the 3rd over - 1 run, 2 hits, 0 errors, 1 left on base; Missoula 3 - Ogden 1 |
| BOTTOM OF THE 3RD |
|
Ogden Raptors batting - Pitching for Missoula Osprey : LHP Cory Youngquist
|
|
Batting: RHB Kekoa Kahele
|
0-0: Called Strike 0-1: Ball 1-1: SINGLE (Groundball, 34D, EV 108.1 MPH)
|
|
Batting: RHB Gaylord Wray
|
0-0: Ball 1-0: Ball Wild Pitch! Kekoa Kahele to second 2-0: Ball 3-0: Base on Balls
|
|
Batting: SHB Javy Franco
|
0-0: Called Strike 0-1: Swinging Strike 0-2: Foul Ball, location: 2F 0-2: Foul Ball, location: 2F 0-2: Strikes out swinging
|
|
Batting: SHB Alex Noval
|
0-0: SINGLE (Groundball, 34, EV 106.2 MPH) Kekoa Kahele to third Gaylord Wray to second Runner from 3rd tries for Home, SAFE, throw by RF to home
|
|
Batting: LHB Pedro Garza
|
0-0: Ball 1-0: Foul Ball, location: 2F 1-1: Foul Ball, location: 2F 1-2: Ball 2-2: Foul Ball, location: 2F 2-2: Fielders Choice at 2nd, 4-6 (Groundball, 4, EV 100.0 MPH) Gaylord Wray to third
|
|
Batting: RHB Adam Maczko
|
0-0: Fly out, F7 (Flyball, 78S, EV 93.1 MPH)
|
| Bottom of the 3rd over - 1 run, 2 hits, 0 errors, 2 left on base; Missoula 3 - Ogden 2 |
| TOP OF THE 4TH |
|
Missoula Osprey batting - Pitching for Ogden Raptors : RHP Drew Manderfield
|
|
Batting: RHB Shing Mah
|
0-0: Ground out 5-3 (Groundball, 56, EV 87.5 MPH)
|
|
Batting: RHB Hyeok Shon
|
0-0: Foul Ball, location: 2F 0-1: Ball 1-1: Foul Ball, location: 2F 1-2: Ground out 6-3 (Groundball, 6, EV 104.4 MPH)
|
|
Batting: RHB Hector Tabares
|
0-0: Ball 1-0: Ball 2-0: Called Strike 2-1: Called Strike 2-2: Ground out 4-3 (Groundball, 34, EV 101.2 MPH)
|
| Top of the 4th over - 0 runs, 0 hits, 0 errors, 0 left on base; Missoula 3 - Ogden 2 |
| BOTTOM OF THE 4TH |
|
Ogden Raptors batting - Pitching for Missoula Osprey : LHP Cory Youngquist
|
|
Batting: LHB Fernão Manta
|
0-0: Ball 1-0: Foul Ball, location: 2F 1-1: Ball 2-1: Ball 3-1: Base on Balls
|
|
Batting: RHB Felipe Rivera
|
0-0: Called Strike 0-1: Ball 1-1: Foul Ball, location: 2F 1-2: Strikes out looking
|
|
Batting: RHB Brad Brady
|
0-0: Foul Ball, location: 2F 0-1: Reached on error, E4 (Groundball, 4, EV 83.1 MPH) Fernão Manta to second
|
|
Batting: RHB Kekoa Kahele
|
0-0: Called Strike 0-1: Ball 1-1: SINGLE (Flyball, 6MD, EV 88.8 MPH) Fernão Manta to third Brad Brady to second
|
|
Batting: RHB Gaylord Wray
|
0-0: Ball 1-0: Foul Ball, location: 2F 1-1: DOUBLE (Line Drive, 9LM, EV 110.0 MPH) Fernão Manta scores Brad Brady scores Kekoa Kahele to third Runner from 3rd tries for Home, SAFE, no throw by RF
|
|
Pitching: RHP Daryl Blair
|
|
|
Batting: SHB Javy Franco
|
0-0: Foul Ball, location: 2F 0-1: Ball 1-1: Ball 2-1: Foul Ball, location: 2F 2-2: Foul Ball, location: 2F 2-2: Ball 3-2: Strikes out swinging
|
|
Batting: SHB Alex Noval
|
0-0: Called Strike 0-1: SINGLE (Line Drive, 9S, EV 105.0 MPH) Gaylord Wray to third Runner from 3rd tries for Home, throw by RF and OUT! 9-2
|
| Bottom of the 4th over - 3 runs, 3 hits, 1 error, 1 left on base; Missoula 3 - Ogden 5 |
| TOP OF THE 5TH |
|
Missoula Osprey batting - Pitching for Ogden Raptors : RHP Drew Manderfield
|
|
Batting: LHB Adam Spence
|
0-0: Ball 1-0: Ball 2-0: Ball 3-0: Base on Balls
|
|
Batting: RHB Isaiah Hampton
|
0-0: Hit by Pitch Adam Spence to second
|
|
Pinch Runner at 1st Dave Beerman:
|
|
|
Batting: LHB Danny Salas
|
0-0: Ball 1-0: Ball 2-0: Ball 3-0: Base on Balls Adam Spence to third Dave Beerman to second
|
|
Batting: RHB Claude Leduc
|
0-0: Ball 1-0: Fly out, F9 (Flyball, 89D, EV 106.9 MPH) Runner from 3rd tags up, SCORES, throw by RF Dave Beerman to third
|
|
Batting: RHB Jose Cuellar
|
0-0: Ball 1-0: Ball 2-0: Ball 3-0: Called Strike 3-1: Called Strike 3-2: Base on Balls Danny Salas to second
|
|
Pitching: LHP Brian Gardner
|
|
|
Batting: LHB Falco van Koeveringe
|
0-0: Swinging Strike 0-1: Ball 1-1: Swinging Strike 1-2: Foul Ball, location: 2F 1-2: Ball 2-2: Foul Ball, location: 2F 2-2: SINGLE (Groundball, 6D, EV 95.0 MPH) Dave Beerman scores Danny Salas to third Jose Cuellar to second Runner from 3rd tries for Home, SAFE, throw by CF to home
|
|
Batting: RHB Shing Mah
|
0-0: Ball 1-0: Grounds into double play, 6-4-3 (Groundball, 6, EV 81.2 MPH)
|
| Top of the 5th over - 3 runs, 1 hit, 0 errors, 1 left on base; Missoula 6 - Ogden 5 |
| BOTTOM OF THE 5TH |
|
Ogden Raptors batting - Pitching for Missoula Osprey : RHP Daryl Blair
|
|
Now in CF: Nelson Pelico
|
|
|
Batting: LHB Pedro Garza
|
0-0: Ball 1-0: Ball 2-0: Ball 3-0: Base on Balls
|
|
Batting: RHB Adam Maczko
|
0-0: Ball 1-0: Foul Ball, location: 2F 1-1: Ball 2-1: SINGLE (Flyball, 34D, EV 96.2 MPH) Pedro Garza to second
|
|
Batting: LHB Fernão Manta
|
0-0: Ball 1-0: Foul Ball, location: 2F 1-1: Ball 2-1: Ball 3-1: Base on Balls Pedro Garza to third Adam Maczko to second
|
|
Batting: RHB Felipe Rivera
|
0-0: DOUBLE (Flyball, 8RXD, EV 99.4 MPH) Pedro Garza scores Adam Maczko scores Fernão Manta to third Runner from 3rd tries for Home, SAFE, throw by CF to home
|
|
Pitching: LHP Travis Osorio
|
|
|
Batting: RHB Brad Brady
|
0-0: Foul Ball, location: 2F 0-1: Fly out, F8 (Flyball, 78D, EV 103.8 MPH)
|
|
Batting: RHB Kekoa Kahele
|
0-0: Ball 1-0: Fly out, F7 (Flyball, 78M, EV 81.9 MPH)
|
|
Batting: RHB Gaylord Wray
|
0-0: Called Strike 0-1: SINGLE (Groundball, 34D, EV 108.8 MPH) Felipe Rivera to third Runner from 3rd tries for Home, SAFE, throw by RF to home
|
|
Batting: SHB Javy Franco
|
0-0: Called Strike 0-1: Fielders Choice at 2nd, 6-4 (Groundball, 6, EV 81.9 MPH)
|
| Bottom of the 5th over - 4 runs, 3 hits, 0 errors, 1 left on base; Missoula 6 - Ogden 9 |
| TOP OF THE 6TH |
|
Missoula Osprey batting - Pitching for Ogden Raptors : LHP Brian Gardner
|
|
Batting: RHB Hyeok Shon
|
0-0: Ball 1-0: Ball 2-0: Ball 3-0: Base on Balls
|
|
Batting: RHB Hector Tabares
|
0-0: Called Strike 0-1: Ball 1-1: Called Strike 1-2: Foul Ball, location: 2F 1-2: Ball 2-2: Strikes out looking
|
|
Batting: LHB Adam Spence
|
0-0: Ball 1-0: Called Strike 1-1: Ball 2-1: Ball Hyeok Shon is caught stealing 2nd base 2-6 3-1: Foul Ball, location: 2F 3-2: Foul Ball, location: 2F 3-2: Ground out 4-3 (Groundball, 4, EV 105.0 MPH)
|
| Top of the 6th over - 0 runs, 0 hits, 0 errors, 0 left on base; Missoula 6 - Ogden 9 |
| BOTTOM OF THE 6TH |
|
Ogden Raptors batting - Pitching for Missoula Osprey : LHP Travis Osorio
|
|
Batting: SHB Alex Noval
|
0-0: Called Strike 0-1: SINGLE (Groundball, 6MD, EV 96.2 MPH)
|
|
Batting: LHB Pedro Garza
|
0-0: Foul Ball, location: 2F 0-1: SINGLE (Groundball, 34S, EV 85.6 MPH) (infield hit) Alex Noval to second
|
|
Batting: RHB Adam Maczko
|
0-0: Called Strike 0-1: Called Strike 0-2: Ball 1-2: Strikes out swinging
|
|
Batting: LHB Fernão Manta
|
0-0: Fielders Choice at 2nd, 4-6 (Groundball, 4, EV 88.1 MPH) Alex Noval to third
|
|
Batting: RHB Felipe Rivera
|
0-0: Ball 1-0: Called Strike 1-1: Ball 2-1: Called Strike 2-2: Foul Ball, location: 2F 2-2: Foul Ball, location: 2F 2-2: Fielders Choice at 2nd, 6-4 (Groundball, 6, EV 89.4 MPH)
|
| Bottom of the 6th over - 0 runs, 2 hits, 0 errors, 2 left on base; Missoula 6 - Ogden 9 |
| TOP OF THE 7TH |
|
Missoula Osprey batting - Pitching for Ogden Raptors : LHP Brian Gardner
|
|
Batting: LHB Nelson Pelico
|
0-0: Called Strike 0-1: Ground out U3 (Groundball, 3L, EV 104.4 MPH)
|
|
Batting: LHB Danny Salas
|
0-0: Called Strike 0-1: Ball 1-1: Foul Ball, location: 2F 1-2: Ball 2-2: Strikes out swinging
|
|
Batting: RHB Claude Leduc
|
0-0: Ball 1-0: Called Strike 1-1: Ball 2-1: Called Strike 2-2: Ball 3-2: Foul Ball, location: 2F 3-2: Foul Ball, location: 2F 3-2: Ground out 6-3 (Groundball, 6, EV 85.0 MPH)
|
| Top of the 7th over - 0 runs, 0 hits, 0 errors, 0 left on base; Missoula 6 - Ogden 9 |
| BOTTOM OF THE 7TH |
|
Ogden Raptors batting - Pitching for Missoula Osprey : LHP Travis Osorio
|
|
Batting: RHB Brad Brady
|
0-0: Called Strike 0-1: Swinging Strike 0-2: Ball 1-2: Ball 2-2: Foul Ball, location: 2F 2-2: Ball 3-2: Fly out, F9 (Flyball, 9LS, EV 85.0 MPH)
|
|
Batting: RHB Kekoa Kahele
|
0-0: Foul Ball, location: 2F 0-1: Swinging Strike 0-2: Foul Ball, location: 2F 0-2: Ball 1-2: Ball 2-2: Ball 3-2: Foul Ball, location: 2F 3-2: Ground out 6-3 (Groundball, 56, EV 89.4 MPH)
|
|
Batting: RHB Gaylord Wray
|
0-0: Ball 1-0: Fly out, F9 (Flyball, 9, EV 87.5 MPH)
|
| Bottom of the 7th over - 0 runs, 0 hits, 0 errors, 0 left on base; Missoula 6 - Ogden 9 |
| TOP OF THE 8TH |
|
Missoula Osprey batting - Pitching for Ogden Raptors : LHP Brian Gardner
|
|
Batting: RHB Jose Cuellar
|
0-0: Swinging Strike 0-1: Fly out, F8 (Flyball, 8RM, EV 95.0 MPH)
|
|
Batting: LHB Falco van Koeveringe
|
0-0: Ball 1-0: Ground out 4-3 (Groundball, 4, EV 90.0 MPH)
|
|
Batting: RHB Shing Mah
|
0-0: Called Strike 0-1: Ball 1-1: Foul Ball, location: 2F 1-2: Foul Ball, location: 2F 1-2: SOLO HOME RUN (Flyball, 7LD, EV 91.9 MPH), Distance : 353 ft
|
|
Batting: RHB Hyeok Shon
|
0-0: Ball 1-0: Called Strike 1-1: Foul Ball, location: 2F 1-2: Hit by Pitch
|
|
Pitching: RHP Chris Moody
|
|
|
Batting: RHB Hector Tabares
|
0-0: Called Strike 0-1: Fly out, F8 (Flyball, 89M, EV 91.2 MPH)
|
| Top of the 8th over - 1 run, 1 hit, 0 errors, 1 left on base; Missoula 7 - Ogden 9 |
| BOTTOM OF THE 8TH |
|
Ogden Raptors batting - Pitching for Missoula Osprey : LHP Travis Osorio
|
|
Pitching: RHP Javier Rosales
|
|
|
Batting: SHB Javy Franco
|
0-0: Called Strike 0-1: Called Strike 0-2: Strikes out looking
|
|
Pitching: RHP D.J. Bryant
|
|
|
Batting: SHB Alex Noval
|
0-0: Ball 1-0: Ball 2-0: Foul Ball, location: 2F 2-1: Ball 3-1: Base on Balls
|
|
Batting: LHB Pedro Garza
|
0-0: Ball 1-0: Ball 2-0: Ball 3-0: Called Strike 3-1: TRIPLE (Flyball, 9LD, EV 103.1 MPH) Alex Noval scores
|
|
Batting: RHB Adam Maczko
|
0-0: Ball 1-0: Foul Ball, location: 2F 1-1: Swinging Strike 1-2: Foul Ball, location: 2F 1-2: 2-RUN HOME RUN (Flyball, 89XD, EV 102.5 MPH), Distance : 420 ft
|
|
Pitching: RHP Erik Stegenga
|
|
|
Batting: LHB Fernão Manta
|
0-0: Ball 1-0: Called Strike 1-1: Ground out 4-3 (Groundball, 4, EV 101.9 MPH)
|
|
Batting: RHB Felipe Rivera
|
0-0: Called Strike 0-1: Ball 1-1: SINGLE (Groundball, 56S, EV 68.1 MPH) (infield hit)
|
|
Batting: RHB Brad Brady
|
0-0: Fly out, F3 (Line Drive, 3L, EV 61.9 MPH)
|
| Bottom of the 8th over - 3 runs, 3 hits, 0 errors, 1 left on base; Missoula 7 - Ogden 12 |
| TOP OF THE 9TH |
|
Missoula Osprey batting - Pitching for Ogden Raptors : RHP Chris Moody
|
|
Pinch Hitting: RHB David Powell
|
0-0: Called Strike 0-1: Fly out, F9 (Flyball, 89M, EV 97.5 MPH)
|
|
Batting: LHB Nelson Pelico
|
0-0: Ball 1-0: Ball 2-0: Ball 3-0: Foul Ball, location: 2F 3-1: Foul Ball, location: 2F 3-2: Base on Balls
|
|
Batting: LHB Danny Salas
|
0-0: Foul Ball, location: 2F 0-1: Swinging Strike 0-2: Strikes out swinging
|
|
Batting: RHB Claude Leduc
|
0-0: Called Strike 0-1: Ball 1-1: Ball 2-1: Swinging Strike 2-2: Foul Ball, location: 2F 2-2: Ball 3-2: Fly out, F8 (Flyball, 78D, EV 106.9 MPH)
|
| Top of the 9th over - 0 runs, 0 hits, 0 errors, 1 left on base; Missoula 7 - Ogden 12 |
|